 Dungeon Crawl Stone Soup version 0.27.1 (webtiles) character file.

Game seed: 16440492817653249486

400 GreyFruit the Skirmisher (level 6, -13/48 HPs)
             Began as a Demonspawn Abyssal Knight on Aug 20, 2021.
             Was a Believer of Lugonu.
             Killed from afar by Ijyb (20 damage)
             ... with a bolt of acid
             ... on level 4 of the Dungeon.
             The game lasted 00:05:32 (4604 turns).

GreyFruit the Skirmisher (DsAK)                     Turns: 4604, Time: 00:05:32

Health: -13/48     AC:  0    Str: 14    XL:     6   Next: 54%
Magic:  7/7        EV: 12    Int: 14    God:    Lugonu [**....]
Gold:   167        SH:  0    Dex: 12    Spells: 5/5 levels left

rFire    . . .     SeeInvis .   e - +3 dagger
rCold    . . .     Faith    .   (no shield)
rNeg     . . .     Spirit   .   b - +0 leather armour
rPois    .         Reflect  .   c - +1 helmet
rElec    .         Harm     .   (no cloak)
rCorr    .         Rampage  .   (no gloves)
Will     .....                  (no boots)
Stlth    ..........             (no amulet)
HPRegen  0.16/turn              (no ring)
MPRegen  0.20/turn              (no ring)

@: silenced, corroded
A: molten scales 1, magic regeneration, demonic magic 1
a: Renounce Religion


You were on level 4 of the Dungeon.
You worshipped Lugonu.
Lugonu was pleased with you.
You visited 1 branch of the dungeon, and saw 4 of its levels.
You visited the Abyss 1 time.

You collected 167 gold pieces.

Inventory:

Hand Weapons
 a - a +1 spear
 e - a +3 dagger (weapon)
Missiles
 g - 2 throwing nets
Armour
 b - a +0 leather armour (worn)
 c - a +1 helmet (worn)
Scrolls
 d - 5 scrolls of identify {unknown}
 h - a scroll of vulnerability {unknown}
 i - a scroll of torment {unknown}
 j - a scroll of silence
 k - a scroll of immolation {unknown}
Potions
 f - a potion of lignification


   Skills:
 + Level 4.1 Fighting
 + Level 3.2 Short Blades
 + Level 2.0 Polearms
 + Level 3.3 Armour
 + Level 2.4 Dodging
 + Level 1.6 Stealth
 + Level 2.6 Invocations


You had 5 spell levels left.
You didn't know any spells.
Your spell library contained the following spells:

 Spells                   Type           Power      Damage    Failure   Level
 Call Canine Familiar     Summ           0%         N/A       71%         3
 Frozen Ramparts          Ice            0%         1d2       71%         3
 Portal Projectile        Hex/Tloc       0%         N/A       71%         3
 Ice Form                 Ice/Tmut       0%         N/A       98%         4
 Leda's Liquefaction      Hex/Erth       0%         N/A       98%         4
 Summon Ice Beast         Ice/Summ       0%         N/A       98%         4


Dungeon Overview and Level Annotations

Branches:
Dungeon (4/15)
 Temple: D:4-7

Altars:

Annotations:
D:4 Ijyb


Innate Abilities, Weirdness & Mutations

You are partially covered in molten scales. (AC +2)
You regenerate magic rapidly.
Spells you cast may paralyse adjacent enemies.


Message History

There is an open door here.
You open the door.
There is an open door here.
Done exploring.
No target in view!
Done exploring.
Done exploring.
(D) Dungeon
Where to? (Enter - D:3, ? - help)
What level of the Dungeon? (default 1, ? - help)
There is a stone staircase leading down here.
You climb downwards.
There is a stone staircase leading up here.
A dart slug comes into view.
A dart slug is nearby!
You puncture the dart slug!
The dart slug is severely wounded.
You hit the dart slug.
You kill the dart slug!
Lugonu accepts your kill.
No target in view!
Found a kite shield.
Ijyb the Twisted Goblin comes into view.
She is wielding a +0 club, wearing a +1 leather armour of positive energy and carrying a wand of acid (7).
Found 14 gold pieces.
Ijyb shouts!
Ijyb screams, "Level is mine!
All mine!"
Ijyb zaps a wand.
The bolt of acid misses you.
You see here 14 gold pieces.
Ijyb zaps a wand.
The bolt of acid hits you! The acid corrodes you!
You are splashed with acid!
Ijyb zaps a wand.
The bolt of acid hits you! The acid corrodes you!
You are splashed with acid!
* * * LOW HITPOINT WARNING * * *
You are too injured to fight recklessly!
Unknown command.
Okay, then.
As you read the scroll labelled BOUQASISILOS, it crumbles to dust.
A profound silence engulfs you.
It was a scroll of silence.
Ijyb zaps a wand.
The bolt of acid hits you!!
You die...

#.# #.#
####.########.#
#.....[.......#
#.##.##########
# #....####
####....#
####.#
#.#######.#
#....g.@..#
###########


You could see Ijyb.

Vanquished Creatures
  Grinder (D:3)
  An orc priest (D:3)
  An orc wizard (D:3)
  3 gnolls (D:2)
  5 adders
  4 dart slugs
  4 orcs (D:3)
  6 ball pythons
  2 bats
  8 endoplasms
  5 giant cockroaches
  8 goblins
  3 hobgoblins
  2 jackals (D:1)
  6 kobolds
  A quokka (D:3)
  2 frilled lizards
  7 rats
69 creatures vanquished.

Notes
Turn   | Place    | Note
-------+----------+-------------------------------------------
     0 | Abyss:1  | GreyFruit the Demonspawn Abyssal Knight began the quest for
                  | the Orb.
     0 | Abyss:1  | Reached XP level 1. HP: 18/18 MP: 2/2
   168 | Abyss:1  | Noticed a worldbinder
   169 | D:1      | Escaped the Abyss
   519 | D:1      | Gained mutation: You regenerate magic rapidly. [demonic
                  | ancestry]
   519 | D:1      | Reached XP level 2. HP: 24/24 MP: 3/3
   546 | D:1      | Reached * piety under Lugonu
  1274 | D:1      | Gained mutation: You are partially covered in molten
                  | scales. (AC +2) [demonic ancestry]
  1274 | D:1      | Reached XP level 3. HP: 28/29 MP: 4/4
  1308 | D:1      | Reached skill level 1 in Short Blades
  1794 | D:2      | Reached skill level 1 in Dodging
  2225 | D:2      | Gained mutation: Spells you cast may paralyse adjacent
                  | enemies. [demonic ancestry]
  2225 | D:2      | Reached XP level 4. HP: 33/35 MP: 5/5
  3155 | D:3      | Reached ** piety under Lugonu
  3214 | D:3      | Reached skill level 1 in Stealth
  3380 | D:3      | Noticed Grinder
  3394 | D:3      | Paralysed by Grinder for 5 turns
  3427 | D:3      | Killed Grinder
  3428 | D:3      | Reached XP level 5. HP: 11/42 MP: 6/6
  3428 | D:3      | Reached XP level 6. HP: 13/48 MP: 7/7
  3849 | D:3      | Reached skill level 4 in Fighting
  4597 | D:4      | Noticed Ijyb
  4604 | D:4      | Killed from afar by Ijyb

Illustrated notes

Levels and vault maps discovered:
D:1:      dpeg_arrival_rooms_with_view, layout_loops_corners
D:2:      layout_loops_ring
D:3:      layout_basic, uniq_grinder
D:4:      layout_basic, uniq_ijyb

Skill      XL: |  1  2  3  4  5  6 |
---------------+-------------------+-----
Armour         | 2 3 |  3.3
Polearms       | 2 |  2.0
Short Blades   | 1 3 |  3.2
Dodging        | 1 2 |  2.4
Stealth        | 1 |  1.6
Fighting       | 4 |  4.1
Invocations    | |  2.6

Action                   |  1- 3 |  4- 6 || total
-------------------------+-------+-------++-------
Melee: Spear             |    10 |       ||    10
       Dagger            |   109 |   170 ||   279
Invok: Depart the Abyss  |     1 |       ||     1
  Use: Potion            |       |     4 ||     4
       Scroll            |       |     1 ||     1
 Stab: Sleeping          |     3 |       ||     3
Armor: Leather armour    |    33 |    25 ||    58
       Skin              |       |    31 ||    31
Dodge: Dodged            |    64 |    55 ||   119
